 Dungeon Crawl Stone Soup version 0.22.1-2-g9c5b331 (webtiles) character file.

164 Heatsaber the Charmwright (level 5, 0/28 HPs)
             Began as a Vine Stalker Skald on Dec 23, 2018.
             Succumbed to a scorpion's poison
             ... on level 3 of the Dungeon.
             The game lasted 00:10:26 (1964 turns).

Heatsaber the Charmwright (Vine Stalker Skald)      Turns: 1964, Time: 00:10:27

Health: 0/28       AC:  5    Str: 14    XL:     5   Next: 45%
Magic:  0/9        EV: 11    Int: 14    God:
Gold:   102        SH:  0    Dex: 13    Spells: 3/8 levels left

rFire    . . .     SeeInvis .   a - +0 short sword
rCold    . . .     Gourm    .   (no shield)
rNeg     . . .     Faith    .   b - +0 leather armour
rPois    .         Spirit   +   l - +1 helmet
rElec    .         Reflect  .   (no cloak)
rCorr    .         Harm     .   (no gloves)
MR       .....                  (no boots)
Stlth    +.........             j - amulet of regeneration
HPRegen  0.89/turn              (no ring)
MPRegen  0.11/turn              (no ring)

@: lethally poisoned (0 -> -2)
A: fangs 2, regeneration 1, magic shield, antimagic bite, no potion heal 3, rot
immunity
a: no special abilities


You were on level 3 of the Dungeon.
You were not hungry.

You visited 1 branch of the dungeon, and saw 4 of its levels.

You collected 102 gold pieces.

Inventory:

Hand Weapons
 a - a +0 short sword (weapon)
Armour
 b - a +0 leather armour (worn)
 c - a +0 chain mail
 l - a +1 helmet (worn)
Jewellery
 j - an amulet of regeneration (around neck)
Scrolls
 f - 2 scrolls of identify {unknown}
 k - a scroll of remove curse {unknown}
 m - a scroll of magic mapping {unknown}
 p - a scroll of fear {unknown}
 q - a scroll of amnesia {unknown}
 s - a scroll of fog {unknown}
 t - a scroll of blinking {unknown}
Potions
 e - a potion of degeneration {unknown}
 g - 2 potions of heal wounds {unknown}
 i - a potion of haste {unknown}
 n - a potion of curing {unknown}
 o - a potion of cancellation {unknown}
 r - a potion of flight {unknown}
Comestibles
 d - 5 rations
 h - a chunk of flesh


   Skills:
 - Level 3.2 Fighting
 + Level 3.1 Short Blades
 - Level 0.7 Armour
 - Level 1.5 Dodging
 - Level 2.1 Spellcasting
 + Level 4.1 Charms


You had 3 spell levels left.
You knew the following spells:

 Your Spells              Type           Power        Failure   Level  Hunger
a - Infusion              Chrm           ##..         5%          1    #......
b - Song of Slaying       Chrm           ##......     9%          2    ###....
c - Shroud of Golubria    Chrm/Tloc      #.........   19%         2    ###....

Your spell library contained the following spells:

 Spells                   Type           Power        Failure   Level  Hunger
 Regeneration             Chrm/Necr      #.........   36%         3    ###....
 Spectral Weapon          Hex/Chrm       #.......     36%         3    ###....


Dungeon Overview and Level Annotations

Branches:
Dungeon (4/15)
 Temple: D:4-7

Altars:
Elyvilon


Innate Abilities, Weirdness & Mutations

You have extremely sharp teeth.
Your natural rate of healing is unusually fast.
When hurt, damage is shared between your health and your magic reserves.
Your bite disrupts and absorbs the magic of your enemies.
Potions cannot restore your health.
You are immune to rotting.


Message History

You bite the scorpion, but do no damage.
The scorpion is heavily wounded.
You are no longer magically infusing your attacks.
You feel sick. The scorpion stings you!
* * * LOW HITPOINT WARNING * * *
You are more poisoned.
The scorpion poisons you!
You feel sick.
You feel sick.
There is a stone staircase leading up here.
You feel sick. The scorpion stings you.
* * * LOW HITPOINT WARNING * * *
You climb upwards.
* * * LOW HITPOINT WARNING * * *
You feel sick.
There is a stone staircase leading down here.
Okay, then.
Okay, then.
Unknown command.
You die...

######## #.......
#.###### #.#
############.######
#>@................
#s##########.#.....
#.##########.#'#...
#.#................
#.#................
#..................
#.#......_.......##
#.##....)...####.##
#.#..........##...#


You could see a scorpion.

Vanquished Creatures
  Blork the orc (D:4)
  4 adders
  7 dart slugs
  2 leopard geckos
  An orc (D:3)
  3 giant cockroaches
  3 goblins
  8 hobgoblins
  2 jackals (D:3)
  9 kobolds
  2 bats (D:1)
  3 frilled lizards
  4 rats
49 creatures vanquished.

Notes
Turn   | Place    | Note
-------+----------+-------------------------------------------
     0 | D:1      | Heatsaber the Vine Stalker Skald began the quest for the
                  | Orb.
     0 | D:1      | Reached XP level 1. HP: 11/11 MP: 4/4
    51 | D:1      | Reached XP level 2. HP: 12/15 MP: 6/6
   487 | D:1      | Reached XP level 3. HP: 16/18 MP: 7/7
  1033 | D:2      | Gained mutation: Your natural rate of healing is unusually
                  | fast. [Vine Stalker growth]
  1033 | D:2      | Reached XP level 4. HP: 18/23 MP: 2/8
  1065 | D:2      | Learned a level 2 spell: Song of Slaying
  1068 | D:2      | Learned a level 2 spell: Shroud of Golubria
  1561 | D:3      | Found a white marble altar of Elyvilon.
  1935 | D:4      | Noticed Blork the orc
  1950 | D:4      | Killed Blork the orc
  1950 | D:4      | Reached skill level 4 in Charms
  1950 | D:4      | Reached XP level 5. HP: 17/28 MP: 0/9
  1963 | D:3      | HP: 1/28 [poisoned by a scorpion]
  1964 | D:3      | Succumbed to a scorpion's poison

Skill      XL: |  1  2  3  4 |
---------------+-------------+-----
Fighting       | 2 3 |  3.2
Short Blades   | 2 3 |  3.1
Charms         | 4 |  4.1
Armour         | |  0.7
Dodging        | |  1.5
Spellcasting   | |  2.1

Action                   |  1- 3 |  4- 6 || total
-------------------------+-------+-------++-------
Melee: Short sword       |    93 |    95 ||   188
       Bite              |    24 |    18 ||    42
 Cast: Infusion          |     4 |     5 ||     9
  Eat: Chunk             |       |     4 ||     4
Armor: Leather armour    |    23 |    17 ||    40
Dodge: Dodged            |    43 |    49 ||    92
